 Dungeon Crawl Stone Soup version 0.31-a0-940-gdaa99269f9 (webtiles) character file.

Game seed: 17124772831662102984

9 Kurtz the Sneak (level 2, 0/24 HPs)
             Began as a Formicid Delver on Oct 20, 2023.
             Succumbed to an adder's poison
             ... on level 5 of the Dungeon.
             The game lasted 00:00:08 (18 turns).

Kurtz the Sneak (Formicid Delver)                     Turns: 18, Time: 00:00:08

Health: 0/24       AC:  3    Str: 16    XL:     2   Next: 25%
Magic:  2/2        EV: 12    Int:  9    God:
Gold:   0          SH:  0    Dex: 15    Spells: 1/1 levels left

rFire   . . .        a - +0 hand axe
rCold   . . .        (no shield)
rNeg    . . .        b - +0 leather armour
rPois   .            (helmet unavailable)
rElec   .            (no cloak)
rCorr   .            (no gloves)
SInv    +            (no boots)
Will    .....        (no amulet)
Stlth   +++          (no ring)
HPRegen 0.24/turn    (no ring)
MPRegen 0.08/turn

%: no passive effects
@: lethally poisoned (0 -> -2)
A: permanent stasis, dig shafts and tunnels, antennae 3, four strong arms
a: Dig, Shaft Self


You were on level 5 of the Dungeon.
You visited 1 branch of the dungeon, and saw 1 of its levels.

Inventory:

Hand Weapons
 a - a +0 hand axe (weapon)
Armour
 b - a +0 leather armour (worn)
Wands
 f - a wand of digging (3)
Scrolls
 c - a scroll of fog
 d - a scroll of revelation
 e - a scroll of fear


   Skills:
 - Level 3.2 Fighting
 * Level 2.8 Axes
 - Level 1.7 Dodging
 - Level 6.0 Stealth


You had one spell level left.
You didn't know any spells.
Your spell library was empty.

Dungeon Overview and Level Annotations

Branches:
Dungeon (5/15)
 Temple: D:4-7

Altars:


Innate Abilities, Weirdness & Mutations

You cannot be hasted, slowed, berserked, paralysed or teleported.
You can dig through walls and to a lower floor.
You have a pair of large antennae on your head. (SInv)
Your four strong arms can wield two-handed weapons with a shield.


Message History

The hound closely misses you. The adder bites you but does no damage.
The hound bites you.
Unknown command.
You hit the hound.
The hound is heavily wounded.
You miss the adder. The adder barely misses you. The hound closely misses you.
The adder bites you but does no damage.
You are too injured to fight recklessly!
You are too injured to fight recklessly!
Unknown command.
You are too injured to fight recklessly!
Unknown command.
You are too injured to fight recklessly!
You closely miss the adder.
The adder is almost dead.
You completely miss the hound. The hound misses you. The hound bites you.
The adder bites you.
* * * LOW HITPOINT WARNING * * *
You are lethally poisoned!
The adder poisons you!
You hit the adder.
You kill the adder!
You closely miss the hound.
* * * LOW HITPOINT WARNING * * *
You feel sick. The hound barely misses you.
The hound bites you but does no damage.
You have reached level 2!
You aren't carrying any potions.
Unknown command.
You hit the hound.
The hound is severely wounded.
* * * LOW HITPOINT WARNING * * *
You feel sick. The hound barely misses you. The hound closely misses you.
You completely miss the hound.
The hound is severely wounded.
* * * LOW HITPOINT WARNING * * *
You feel sick. The hound misses you. The hound closely misses you.
You hit the hound.
The hound is severely wounded.
You die...

. .### ... ..# . ##
#.# ). .. #.# ####...
#.#.#+####.......
#..>......h.....⌠
#.....##..!..@.......
##### #.......###...
#......## #......#
#......# #......#
####+###


You could see a hound.

Vanquished Creatures
  An adder (D:5)
1 creature vanquished.

Notes
Turn   | Place    | Note
-------+----------+-------------------------------------------
     0 | D:5      | Kurtz the Formicid Delver began the quest for the Orb.
     0 | D:5      | Reached XP level 1. HP: 18/18 MP: 1/1
     4 | D:5      | Noticed a hound
    16 | D:5      | Reached XP level 2. HP: 2/24 MP: 2/2
    17 | D:5      | HP: 1/24 [poisoned by an adder]
    18 | D:5      | Succumbed to an adder's poison

Illustrated notes

Levels and vault maps discovered:
D:5:      layout_basic, chequers_serial_rivers_micro_a, grunt_ministairs_6,
          minmay_hollow_rounded_squares

Action                     || total
---------------------------++-------
  Melee: Hand axe          ||    13
 Armour: Leather armour    ||    12
  Dodge: Dodged            ||    20

Table legend: (Time is in decaauts)
 A = Elapsed time spent in this place.
 B = Non-inter-level travel time spent in this place.
 C = Inter-level travel time spent in this place.
 D = Time resting spent in this place.
 E = Time spent auto-exploring this place.
 F = Levels seen in this place.
 G = Mean time per level.
                   A        B        C        D        E       F      G
               +--------+--------+--------+--------+--------+-----+--------+
         Total |     20 |     20 |      0 |      0 |      2 |   1 |   20.0 |
       Dungeon |     20 |     20 |      0 |      0 |      2 |   1 |   20.0 |
               +--------+--------+--------+--------+--------+-----+--------+

Top non-repeatable levels by time:
     D:5: 20 daAuts
